Match 42621521
Unlisted

Match 42621521
End
Construct Section Command Post
Infantry Section
Infantry Section
ML 3-inch Mortar Team
Grenade Package
Forward Retreat Point
Construct Platoon Command Post
CMP 15cwt Truck
Infantry Training
Infantry Section
6-pounder Anti-tank Gun Team
Construct Company Command Post
Selects Heavy Armor Battlegroup
Selects Rigorous Vehicle Training
Selects Forward Repair Assembly
Selects UNKNOWN (2162094)
Churchill IV Heavy Tank
Selects Light Vehicle Withdraw and Refit
Selects Radio Net
Armored Vehicle Training
Radio Net
Selects Recon Artillery
Recon Artillery
Churchill IV Heavy Tank
CMP 15cwt Truck
banandan
NoX
KrysKryngles
Slrig
Parmenides
Unsafe
[B2G] Sluchis III
GrayFox
0
0

Comments sign in to comment!

No comments posted yet!